 Dungeon Crawl Stone Soup version 0.22-a0-389-g8519d86 (webtiles) character file.

43185 mortelune the Severer (level 14, 0/132 HPs)
             Began as a Hill Orc Gladiator on Apr 30, 2018.
             Was an Elder of the Shining One.
             Slain by a 20-headed hydra (8 damage)
             ... on level 6 of the Lair of Beasts.
             The game lasted 00:43:49 (18761 turns).

mortelune the Severer (Hill Orc Gladiator)         Turns: 18761, Time: 00:43:50

Health: 0/132      AC: 24    Str: 22    XL:     14   Next: 23%
Magic:  23/23      EV: 11    Int:  8    God:    the Shining One [****..]
Gold:   107        SH:  0    Dex: 12    Spells: 13/13 levels left

rFire    . . .     SeeInvis .   g - +6 broad axe (freeze)
rCold    . . .     Gourm    .   (no shield)
rNeg     + + .     Faith    .   x - +0 plate armour
rPois    .         Spirit   .   c - +0 helmet
rElec    .         Reflect  .   I - +0 cloak
rCorr    .         Harm     .   b - +1 pair of gloves
MR       +....                  (no boots)
Stlth    ..........             V - amulet of regeneration
HPRegen  0.72/turn              p - +3 ring of evasion
MPRegen  0.18/turn              v - +3 ring of protection

@: glowing
A: no striking features
a: Divine Shield, Cleansing Flame, Renounce Religion


You were on level 6 of the Lair of Beasts.
You worshipped the Shining One.
The Shining One was greatly pleased with you.
You were not hungry.

You visited 2 branches of the dungeon, and saw 17 of its levels.

You collected 906 gold pieces.
You spent 799 gold pieces at shops.

Inventory:

Hand Weapons
 g - a +6 broad axe of freezing (weapon)
 U - a +0 battleaxe
 W - a +0 morningstar
Missiles
 d - 4 throwing nets
 i - 4 javelins
 q - 6 tomahawks (quivered)
Armour
 b - a +1 pair of gloves (worn)
 c - a +0 helmet (worn)
 m - a +1 pair of gloves
 x - a +0 plate armour (worn)
 I - a +0 cloak (worn)
Jewellery
 a - a +3 ring of strength
 p - a +3 ring of evasion (left hand)
 v - a +3 ring of protection (right hand)
 z - an uncursed ring of resist corrosion
 A - an uncursed ring of protection from magic
 P - a +3 ring of dexterity
 S - an uncursed amulet of the acrobat
 V - an amulet of regeneration (around neck)
Wands
 s - a wand of acid (9)
 B - a wand of scattershot (7)
 E - a wand of flame (17)
Scrolls
 e - 12 scrolls of remove curse
 j - 2 scrolls of magic mapping
 l - 3 scrolls of fear
 o - a scroll of blinking
 t - 10 scrolls of teleportation
 u - 4 scrolls of enchant armour
 y - 3 scrolls of amnesia
 F - 2 scrolls of fog
 H - 3 scrolls of immolation
 K - a scroll of noise {unknown}
 L - a scroll of torment {unknown}
 M - a scroll of random uselessness {unknown}
 N - a scroll of identify
 R - a scroll of vulnerability {unknown}
Potions
 h - 3 potions of heal wounds
 k - 4 potions of might
 r - 6 potions of curing
 w - 4 potions of haste
 C - 3 potions of cancellation
 D - a potion of flight
 G - 2 potions of ambrosia
 J - 3 potions of brilliance
 Q - a potion of degeneration
 T - a potion of agility
Comestibles
 f - 34 rations
 n - 22 chunks of flesh


   Skills:
 + Level 14.1 Fighting
 - Level 18.0 Axes
 - Level 1.7 Throwing
 + Level 12.9 Armour
 - Level 2.4 Dodging
 + Level 12.3 Invocations


You had 13 spell levels left.
You didn't know any spells.

Dungeon Overview and Level Annotations

Branches:
Dungeon (11/15)            Temple (0/1) D:5            Lair (6/6) D:8
  Swamp (0/4) Lair:3        Snake (0/4) Lair:3          Orc (0/2) D:11
  Slime: Lair:5-6

Altars:
Ashenzari
Cheibriados
Dithmenos
Elyvilon
Hepliaklqana
Kikubaaqudgha
Nemelex Xobeh
Okawaru
Qazlal
Ru
Sif Muna
Vehumet
Yredelemnul
The Shining One

Shops:
D:7 *   D:8 ?   D:11 *

Annotations:
Lair:4 exclusion: 3 oklob plants
Lair:6 Nessos


Message History

You slice one of the 18-headed hydra's heads off!
The 17-headed hydra grows two more!
You hit the 19-headed hydra. You freeze the 19-headed hydra.
The 19-headed hydra is heavily wounded.
You lop one of the 19-headed hydra's heads off!
The 18-headed hydra grows two more!
You hit the 20-headed hydra. You freeze the 20-headed hydra.
The 20-headed hydra is heavily wounded.
The 20-headed hydra bites you! x2
* * * LOW HITPOINT WARNING * * *
The 20-headed hydra bites you but does no damage.
The 20-headed hydra barely misses you. The 20-headed hydra bites you!
* * * LOW HITPOINT WARNING * * *
The 20-headed hydra barely misses you. The 20-headed hydra bites you!
* * * LOW HITPOINT WARNING * * *
The 20-headed hydra bites you but does no damage.
The 20-headed hydra bites you!
* * * LOW HITPOINT WARNING * * *
The 20-headed hydra bites you!
You die...

#.......<.......... ..
#......†...........
#..#..................
#..##.................
#...#.................
##.♣.#.................
#....##................
##...÷.##...#..........
###...÷.P.##..#@#........
#..P.....÷÷.###D.#.......
...÷..........#...........
###.......P.÷...........
##.......P............
###.................. ..
##.............../. ...
##÷....÷.......... ....
#................


You could see a 20-headed hydra.

Vanquished Creatures
  2 hydras
  7 two-headed ogres
  A catoblepas (Lair:6)
  6 death yaks
  Urug (Lair:5)
  The ghost of sankara the Cleaver, a novice HOMo of Yredelemnul (D:8)
  4 elephants (Lair:6)
  Joseph (D:10)
  2 black mambas (Lair:5)
  A gargoyle (D:11)
  10 spiny frogs
  A rime drake (Lair:5)
  7 komodo dragons
  A troll (D:10)
  3 polar bears
  35 blink frogs
  7 hippogriffs
  23 yaks
  A wraith (D:10)
  A basilisk (Lair:1)
  A vampire (D:11)
  3 wyverns
  2 vampire mosquitoes (D:10)
  3 wargs
  Edmund (D:4)
  An acid dragon (D:11)
  15 water moccasins
  9 porcupines
  3 orc warriors
  2 black bears
  An eye of draining (D:10)
  2 ice beasts
  2 sky beasts
  2 phantoms (D:6)
  5 wolves
  14 centaurs
  5 ogres
  15 crocodiles
  2 big kobolds (D:9)
  Blork the orc (D:5)
  14 bullfrogs
  A gnoll sergeant (D:10)
  5 scorpions
  13 killer bees
  An electric eel (Lair:1)
  2 howler monkeys (D:9)
  3 crimson imps
  A centaur zombie (D:6)
  2 bullfrog zombies
  9 hounds
  3 jellies
  10 orc priests
  3 centaur skeletons
  A gnoll shaman (D:6)
  Jessica (D:3)
  A bullfrog skeleton (D:10)
  5 iguanas
  10 orc wizards
  6 worker ants
  A hound zombie (D:5)
  A hound skeleton (D:11)
  A howler monkey zombie (D:9)
  A worker ant zombie (D:9)
  14 adders
  13 gnolls
  2 shadow imps (D:7)
  2 adder skeletons
  2 worms (D:2)
  2 dart slugs (D:1)
  3 leopard geckos
  30 orcs
  4 ball pythons
  5 bats
  5 giant cockroaches
  11 hobgoblins
  9 jackals
  6 quokkas
  2 frilled lizards
  8 goblins
  A jackal skeleton (D:6)
  15 kobolds
  2 leopard gecko skeletons
  7 rats
  2 fungi (Lair:4)
  3 plants
447 creatures vanquished.

Vanquished Creatures (others)
  A blink frog (Lair:6)
  10 fungi
  8 plants
19 creatures vanquished.

Grand Total: 466 creatures vanquished

Notes
Turn   | Place    | Note
-------+----------+-------------------------------------------
     0 | D:1      | mortelune the Hill Orc Gladiator began the quest for the Orb.
     0 | D:1      | Reached XP level 1. HP: 18/18 MP: 1/1
   169 | D:1      | Reached XP level 2. HP: 21/25 MP: 2/2
   662 | D:1      | Reached skill level 1 in Armour
   983 | D:2      | Reached XP level 3. HP: 28/30 MP: 3/3
  1179 | D:2      | Reached skill level 5 in Axes
  1179 | D:2      | Reached XP level 4. HP: 18/38 MP: 4/4
  2547 | D:3      | Noticed Jessica
  2553 | D:3      | Killed Jessica
  2553 | D:3      | Reached skill level 6 in Axes
  2553 | D:3      | Reached XP level 5. HP: 37/46 MP: 5/5
  3126 | D:4      | Found a glowing golden altar of the Shining One.
  3140 | D:4      | Became a worshipper of the Shining One
  3206 | D:4      | Reached XP level 6. HP: 50/52 MP: 6/6
  3257 | D:4      | Reached skill level 7 in Axes
  3297 | D:4      | Found a stormy altar of Qazlal.
  3457 | D:4      | Noticed Edmund
  3626 | D:5      | Entered Level 5 of the Dungeon
  3635 | D:5      | Reached XP level 7. HP: 56/60 MP: 7/7
  3801 | D:5      | Found a sparkling altar of Nemelex Xobeh.
  3876 | D:5      | Found a sacrificial altar of Ru.
  4054 | D:5      | Found a staircase to the Ecumenical Temple.
  4122 | D:5      | Noticed Blork the orc
  4187 | D:5      | Killed Blork the orc
  4187 | D:5      | Reached skill level 5 in Fighting
  4187 | D:5      | Reached skill level 8 in Axes
  4331 | D:5      | Found an iron altar of Okawaru.
  4384 | D:6      | Reached * piety under the Shining One
  4496 | D:6      | Reached skill level 9 in Axes
  4498 | D:6      | Reached XP level 8. HP: 41/70 MP: 8/8
  4642 | D:6      | Noticed a two-headed ogre
  4739 | D:6      | Reached skill level 5 in Armour
  4910 | D:6      | Reached skill level 10 in Axes
  5225 | D:6      | Found a basalt altar of Yredelemnul.
  5239 | D:6      | Found a hazy altar of Hepliaklqana.
  5244 | D:6      | Found a snail-covered altar of Cheibriados.
  5244 | D:6      | Found a white marble altar of Elyvilon.
  5245 | D:6      | Found a stormy altar of Qazlal.
  5246 | D:6      | Found a shattered altar of Ashenzari.
  5247 | D:6      | Found a sparkling altar of Nemelex Xobeh.
  5364 | D:6      | HP: 1/71 [two-headed ogre/giant club (14)]
  5368 | D:6      | Killed a two-headed ogre
  5368 | D:6      | Reached skill level 11 in Axes
  5368 | D:6      | Reached XP level 9. HP: 31/79 MP: 9/9
  5804 | D:7      | Reached skill level 12 in Axes
  6235 | D:7      | Found Wugg's Assorted Antiques.
  6238 | D:7      | Bought a potion of heal wounds for 165 gold pieces
  6238 | D:7      | Bought a cloak for 148 gold pieces
  6539 | D:7      | Found an ancient bone altar of Kikubaaqudgha.
  6540 | D:7      | Found a deep blue altar of Sif Muna.
  6542 | D:7      | Found a radiant altar of Vehumet.
  6545 | D:7      | Identified Vehumet's Incunabulum of Conjuration
  6608 | D:8      | Reached ** piety under the Shining One
  6682 | D:8      | Noticed a two-headed ogre
  6694 | D:8      | Killed a two-headed ogre
  6694 | D:8      | Reached skill level 13 in Axes
  6694 | D:8      | Reached XP level 10. HP: 50/90 MP: 10/10
  6939 | D:8      | Found Uskiquol's Magic Scroll Shoppe.
  7029 | D:8      | Noticed sankara's ghost (novice HOMo)
  7247 | D:4      | Killed Edmund
  7669 | D:8      | Reached skill level 1 in Invocations
  8012 | D:8      | Found a staircase to the Lair.
  8036 | D:8      | Noticed a two-headed ogre
  8048 | D:8      | Killed a two-headed ogre
  8048 | D:8      | Reached skill level 14 in Axes
  8331 | D:8      | Killed sankara's ghost
  8511 | D:9      | Reached XP level 11. HP: 89/99 MP: 13/13
  8849 | D:9      | Reached *** piety under the Shining One
  8861 | D:9      | Reached skill level 10 in Fighting
  8929 | D:9      | Found a shadowy altar of Dithmenos.
  9200 | D:9      | Noticed a two-headed ogre
  9208 | D:9      | Killed a two-headed ogre
  9208 | D:9      | Reached skill level 15 in Axes
  9208 | D:9      | Reached skill level 5 in Invocations
  9433 | D:10     | Entered Level 10 of the Dungeon
  9433 | D:10     | Noticed Joseph
  9571 | D:10     | Killed Joseph
  9843 | D:10     | Noticed a two-headed ogre
  9852 | D:10     | Killed a two-headed ogre
 10102 | D:10     | Reached **** piety under the Shining One
 10571 | D:11     | Noticed a two-headed ogre
 10579 | D:11     | Killed a two-headed ogre
 10652 | D:11     | Noticed a two-headed ogre
 10661 | D:11     | Killed a two-headed ogre
 10661 | D:11     | Reached skill level 10 in Armour
 10661 | D:11     | Reached XP level 12. HP: 51/110 MP: 17/17
 10841 | D:11     | Found a staircase to the Orcish Mines.
 10867 | D:11     | Reached skill level 16 in Axes
 11046 | D:11     | Found Totat's General Store.
 11055 | D:11     | Bought a scroll of teleportation for 54 gold pieces
 11400 | D:11     | Bought a +0 morningstar for 72 gold pieces
 11461 | Lair:1   | Entered Level 1 of the Lair of Beasts
 11461 | Lair:1   | Noticed an eight-headed hydra
 11475 | Lair:1   | Killed an eight-headed hydra
 13997 | Lair:3   | Reached XP level 13. HP: 91/119 MP: 20/20
 14319 | Lair:3   | Reached skill level 17 in Axes
 14487 | Lair:3   | Reached skill level 10 in Invocations
 14826 | Lair:3   | Found a staircase to the Snake Pit.
 14872 | Lair:3   | Found a staircase to the Swamp.
 16947 | Lair:5   | Noticed Urug
 16958 | Lair:5   | Killed Urug
 17280 | D:11     | Bought a scroll of brand weapon for 360 gold pieces
 17991 | Lair:6   | Entered Level 6 of the Lair of Beasts
 18051 | Lair:6   | Reached XP level 14. HP: 108/130 MP: 22/22
 18065 | Lair:6   | Reached skill level 18 in Axes
 18382 | Lair:6   | Noticed Nessos
 18382 | Lair:6   | Reached ***** piety under the Shining One
 18761 | Lair:6   | Slain by a 20-headed hydra

Vault maps used:
D:1:      tarquinn_simple_flora_water_a
D:2:      serial_co_window_serial, co_window_paths_b, co_window_corner_a,
          co_window_corner_a, co_window_paths_b, co_window_corner_a,
          co_window_cross_2, co_window_broadway_b, co_window_unsneaky_path_d,
          co_window_of_opportunity_b, co_window_unsneaky_path_e,
          co_window_unsneaky_path_b, co_window_sun
D:3:      uniq_jessica
D:4:      nicolae_overflow_crystal_walls, nicolae_qazlal_general_emergency,
          uniq_edmund
D:5:      nicolae_ru_the_path_less_chosen, overflow_temple_1_default,
          temple_green, first_ration, nemelex_diamond_rough_becter,
          uniq_blork_the_orc
D:6:      cheibrodos_quashed, minitemple, grunt_tough_drop
D:7:      grunt_temple_overflow_magic_moments, serial_shops, shop
D:8:      erik_lair_orcish_takeover, serial_shops, nicolae_shop_behind_doors,
          hangedman_decor_lopped
D:9:      basic_altar
D:10:     uniq_joseph
D:11:     orc_0_dummy, serial_shops, shop, centaur_isle
Lair:1:   statuecave_lemuel, hangedman_lair_generics_rect
Lair:2:   grunt_megastairs_5
Lair:3:   swamp_mist_pool, minmay_snake_entry_six_corridors,
          infiniplex_staircase_pool
Lair:4:   lemuel_fruit_tree, minmay_lair_oklob_chamber, grunt_megastairs_2
Lair:5:   grunt_megastairs_4, uniq_urug
Lair:6:   grunt_lair_end_beastmaster, dpeg_slime_entry_enclosed_altar,
          minivault_24, serial_bayou_lake_a, uniq_nessos

Skill      XL: |  1  2  3  4  5  6  7  8  9 10 11 12 13 14 |
---------------+-------------------------------------------+-----
Armour         | 1 2 3 4 6 7 8 10 11 12 | 12.9
Fighting       | 3 4 5 7 8 9 11 12 13 14 | 14.1
Axes           | 5 6 7 9 11 13 14 15 16 17 18 | 18.0
Invocations    | 3 7 9 11 12 | 12.3
Throwing       | |  1.7
Dodging        | |  2.4

Action                   |  1- 3 |  4- 6 |  7- 9 | 10-12 | 13-15 || total
-------------------------+-------+-------+-------+-------+-------++-------
Melee: War axe           |    88 |   187 |   230 |   336 |       ||   841
       Battleaxe         |       |       |       |   312 |   217 ||   529
       Morningstar       |       |       |       |    19 |    18 ||    37
       Broad axe         |       |       |       |       |   145 ||   145
Throw: Tomahawk          |       |     8 |    10 |    24 |     4 ||    46
Invok: Divine Shield     |       |       |       |     1 |     1 ||     2
Evoke: Wand              |       |       |       |     3 |       ||     3
  Use: Scroll            |       |     7 |     3 |    11 |     5 ||    26
       Potion            |       |       |     1 |       |     1 ||     2
  Eat: Chunk             |     1 |     8 |    10 |    20 |    15 ||    54
       Ration            |       |       |       |     1 |       ||     1
Armor: Leather armour    |    19 |       |       |       |       ||    19
       Ring mail         |    14 |       |       |       |       ||    14
       Scale mail        |    16 |    27 |       |       |       ||    43
       Plate armour      |       |    73 |   116 |   367 |   269 ||   825
Dodge: Dodged            |    59 |   110 |    93 |   331 |   224 ||   817
Block: Other             |       |       |       |    23 |     7 ||    30

Table legend:
 A = Spawn XP
 B = Non-spawn XP
 C = Spawn XP percentage of total XP
 D = Spawn monster count
 E = Non-spawn monster count
 F = Spawn count percentage of total count
 G = Total turns spent on level
                    A         B        C        D         E        F      G
               +---------+---------+-------+---------+---------+-------+---------
         Total |       0 |   61693 |   0.0 |       0 |     443 |   0.0 | 18761
               +---------+---------+-------+---------+---------+-------+---------
           D:1 |       0 |      31 |   0.0 |       0 |      16 |   0.0 |   980
           D:2 |       0 |      89 |   0.0 |       0 |      24 |   0.0 |  1368
           D:3 |       0 |     131 |   0.0 |       0 |      22 |   0.0 |   903
           D:4 |       0 |     628 |   0.0 |       0 |      19 |   0.0 |   610
           D:5 |       0 |     323 |   0.0 |       0 |      10 |   0.0 |   764
           D:6 |       0 |    2364 |   0.0 |       0 |      34 |   0.0 |  1343
           D:7 |       0 |    1051 |   0.0 |       0 |      21 |   0.0 |  1076
           D:8 |       0 |    4559 |   0.0 |       0 |      36 |   0.0 |  1498
           D:9 |       0 |    2988 |   0.0 |       0 |      38 |   0.0 |  1222
          D:10 |       0 |    3259 |   0.0 |       0 |      31 |   0.0 |   734
          D:11 |       0 |    5182 |   0.0 |       0 |      28 |   0.0 |  1076
        Lair:1 |       0 |    3383 |   0.0 |       0 |      15 |   0.0 |  1008
        Lair:2 |       0 |    5379 |   0.0 |       0 |      27 |   0.0 |  1356
        Lair:3 |       0 |    5939 |   0.0 |       0 |      33 |   0.0 |  1721
        Lair:4 |       0 |   10002 |   0.0 |       0 |      35 |   0.0 |  1415
        Lair:5 |       0 |    6884 |   0.0 |       0 |      27 |   0.0 |  1213
        Lair:6 |       0 |    9501 |   0.0 |       0 |      27 |   0.0 |   474
               +---------+---------+-------+---------+---------+-------+---------
